 Dungeon Crawl Stone Soup version 0.29.1-15-g9cfb28693d (webtiles) character file.

Game seed: 5105286620555913603

3340 jifgo the Grappler (level 9, -2/96 HPs)
             Began as a Troll Monk on Feb 16, 2024.
             Was a Believer of Cheibriados.
             Hit by a large rock thrown by a cyclops (26 damage)
             ... on level 7 of the Dungeon.
             The game lasted 00:12:08 (5133 turns).

jifgo the Grappler (Troll Monk)                     Turns: 5133, Time: 00:12:09

Health: -2/96      AC:  5    Str: 29    XL:     9   Next: 72%
Magic:  8/8        EV: 10    Int: 10    God:    Cheibriados [**....]
Gold:   193        SH:  0    Dex: 16    Spells: 8/8 levels left

rFire   . . .      SeeInvis +     - Unarmed
rCold   . . .      Faith    .   (no shield)
rNeg    . . .      Spirit   .   a - +0 robe
rPois   +          Reflect  .   (helmet restricted)
rElec   .          Harm     .   t - +0 cloak
rCorr   .          Rampage  .   (gloves unavailable)
Will    .....                   (boots unavailable)
Stlth   ++........              g - amulet of regeneration
HPRegen 1.86/turn               p - ring of poison resistance
MPRegen 0.11/turn               E - ring of see invisible

@: very slow
A: large, unfitting armour, claws 3, regeneration 1, shaggy fur 1, tough skin 1
a: Renounce Religion, Bend Time


You were on level 7 of the Dungeon.
You worshipped Cheibriados.
Cheibriados was pleased with you.
You visited 2 branches of the dungeon, and saw 8 of its levels.
You also visited: Sewer.

You collected 241 gold pieces.
You spent 48 gold pieces at shops.

Inventory:

Missiles
 h - 12 poisoned darts (quivered)
 o - 6 silver javelins
Armour
 a - a +0 robe (worn)
 t - a +0 cloak (worn)
 F - a +0 kite shield
Jewellery
 g - an amulet of regeneration (around neck)
 p - a ring of poison resistance (left claw)
 E - a ring of see invisible (right claw)
 G - a ring of ice
 I - a +6 ring of strength
 J - an amulet of guardian spirit
Wands
 D - a wand of light (3)
 H - a wand of roots (6)
Scrolls
 c - a scroll of noise {unknown}
 d - 2 scrolls of enchant armour {unknown}
 j - a scroll of enchant weapon {unknown}
 k - a scroll of silence
 l - 3 scrolls of teleportation
 n - 2 scrolls of immolation
 s - a scroll of vulnerability {unknown}
 v - a scroll of blinking {unknown}
 y - a scroll of fear {unknown}
 A - a scroll of acquirement {unknown}
 B - a scroll of fog {unknown}
 C - a scroll of torment {unknown}
Potions
 b - a potion of ambrosia
 e - 4 potions of attraction
 f - 2 potions of brilliance
 i - 4 potions of curing
 m - a potion of heal wounds
 q - 2 potions of degeneration {unknown}
 r - a potion of lignification
 u - 2 potions of flight {unknown}
 w - 2 potions of might {unknown}
 x - a potion of magic {unknown}
 z - 2 potions of resistance {unknown}


   Skills:
 + Level 8.0 Fighting
 - Level 2.4 Dodging
 - Level 1.0 Stealth
 + Level 4.7 Shields
 + Level 9.6 Unarmed Combat


You had 8 spell levels left.
You didn't know any spells.
Your spell library contained the following spells:

 Spells                   Type           Power      Damage    Failure   Level
 Apportation              Tloc           0%         N/A       36%         1
 Gell's Gravitas          Tloc           0%         N/A       75%         3
 Lesser Beckoning         Tloc           0%         N/A       75%         3
 Teleport Other           Tloc           0%         N/A       75%         3
 Alistair's Intoxication  Tmut/Pois      0%         N/A       100%        5


Dungeon Overview and Level Annotations

Branches:
Dungeon (7/15)             Temple (1/1) D:6           Sewer (visited)

Altars:
Ashenzari
Cheibriados
Dithmenos
Elyvilon
Fedhas
Gozag
Hepliaklqana
Kikubaaqudgha
Makhleb
Nemelex Xobeh
Ru
Sif Muna
Trog
Uskayaw
Wu Jian
Xom
The Shining One

Shops:
D:3 *   D:6 =

Portals:
Bailey: D:7


Innate Abilities, Weirdness & Mutations

You are too large for most types of armour.
You have claws for hands.
Your natural rate of healing is unusually fast.
You are covered in fur. (AC +1)
You have tough skin. (AC +1)


Message History

The bolt of light hits Dowan!
Dowan is heavily wounded.
Dowan is blinded.
The bolt of light hits the ice beast!
The ice beast is moderately wounded.
The ice beast is blinded.
The grasping roots constrict you.
The grasping roots release their grip on you.
You scratch Dowan.
Dowan is heavily wounded.
Dowan shakes with grief.
Dowan gestures at you while chanting. The stone arrow hits you!
Dowan misses you.
You mangle Dowan!!
You kill Dowan!
Cheibriados thoroughly appreciates the change of pace.
The ice beast completely misses you. The ice beast closely misses you.
Items here: )) / [[.
You catch the helpless ice beast completely off-guard!
You mangle the ice beast!!
You kill the ice beast!
Cheibriados thoroughly appreciates the change of pace.
Your Fighting skill increases to level 8!
H - a wand of roots (6)
You start resting.
HP restored.
You hear the faint creaking of a portcullis nearby.
Found 5 stones.
Found two hand axes.
Found a flagged portal.
Found two hand axes.
I - a +6 ring of strength
q - 2 lumpy dark potions (gained 1)
You hear the creaking of a portcullis.
J - an amulet of guardian spirit A cyclops comes into view.
You hear the creaking of a portcullis very nearby.
The cyclops throws a large rock.
The large rock hits you!!
The cyclops throws a large rock.
The large rock hits you!!!
The cyclops throws a large rock.
The large rock hits you!
* * * LOW HITPOINT WARNING * * *
The cyclops throws a large rock.
The large rock hits you!!
You die...

....... ...............~
....... ...............≈
.......##########.......(##♣...
#...C..........####.### ♣♣..
#..........######.## ♣♣.
#..................# ♣♣
#..................# ♣♣.
#..........#...)...# ♣♣..
#........@.##.)∩)..# ♣...
#..........##..)...# ♣♣..≈
..............##......# ♣...~
#..#..........######..# ♣♣..≈
...##...........######.# ♣...
... ###########....###.# ♣♣..
.. ####.....# ♣♣. #####.# ♣♣
#.# ♣♣.


You could see a cyclops.

Vanquished Creatures
  Prince Ribbit (D:6)
  Grinder (D:6)
  A steam dragon (D:7)
  Duvessa (D:7)
  2 water moccasins (D:6)
  4 ice beasts
  4 black bears
  A sky beast (D:6)
  2 ogres
  2 centaurs
  A phantom (D:5)
  Blork the orc (D:6)
  2 bullfrogs (D:6)
  3 necrophages
  A gnoll sergeant (D:5)
  4 scorpions
  Dowan (D:7)
  4 hounds
  3 orc priests
  2 iguanas
  2 orc wizards
  A hell rat (Sewer)
  3 gnolls (D:5)
  13 adders
  2 river rats (Sewer)
  3 white imps
  An ufetubus (D:6)
  A worm (D:2)
  2 dart slugs
  8 orcs
  6 ball pythons
  3 endoplasms
  5 giant cockroaches
  5 goblins
  6 hobgoblins
  7 jackals
  2 quokkas
  5 bats
  3 frilled lizards
  7 rats
126 creatures vanquished.

Notes
Turn   | Place    | Note
-------+----------+-------------------------------------------
     0 | D:1      | jifgo the Troll Monk began the quest for the Orb.
     0 | D:1      | Reached XP level 1. HP: 22/22 MP: 0/0
   124 | D:1      | Reached XP level 2. HP: 29/29 MP: 1/1
   410 | D:1      | Found a faded altar of an unknown god.
   497 | D:1      | Reached XP level 3. HP: 37/37 MP: 2/2
  1290 | D:2      | Reached skill level 4 in Unarmed Combat
  1494 | D:3      | Found Qeikuca's General Store.
  1502 | D:3      | Bought a scroll of identify for 24 gold pieces
  1502 | D:3      | Bought a scroll of identify for 24 gold pieces
  1552 | D:3      | Reached XP level 4. HP: 43/45 MP: 3/3
  1667 | D:3      | Found a burning altar of Makhleb.
  1879 | D:4      | Noticed a black bear
  2055 | D:4      | Noticed a scorpion
  2057 | D:4      | Found a sacrificial altar of Ru.
  2070 | D:4      | Killed a scorpion
  2071 | D:4      | Reached XP level 5. HP: 52/54 MP: 4/4
  2106 | D:4      | Found a glowing drain.
  2138 | Sewer    | Entered a sewer
  2144 | Sewer    | Reached skill level 5 in Unarmed Combat
  2244 | D:4      | Reached XP level 6. HP: 59/62 MP: 5/5
  2649 | D:5      | Entered Level 5 of the Dungeon
  2659 | D:5      | Reached skill level 5 in Fighting
  2659 | D:5      | Reached skill level 6 in Unarmed Combat
  2659 | D:5      | Reached XP level 7. HP: 68/71 MP: 6/6
  2810 | D:5      | Reached skill level 7 in Unarmed Combat
  2948 | D:5      | Reached XP level 8. HP: 83/83 MP: 7/7
  3497 | D:5      | Found a faded altar of an unknown god.
  3499 | D:5      | Found a hazy altar of Hepliaklqana.
  3600 | D:5      | Reached skill level 8 in Unarmed Combat
  3645 | D:6      | Found Wopp's Jewellery Shop.
  3668 | D:6      | Reached skill level 1 in Shields
  3729 | D:6      | Noticed Blork the orc
  3737 | D:6      | Killed Blork the orc
  3740 | D:6      | Reached XP level 9. HP: 65/93 MP: 8/8
  3889 | D:6      | Found a staircase to the Ecumenical Temple.
  3943 | D:6      | Noticed Grinder
  3949 | D:6      | Paralysed by Grinder for 3 turns
  3958 | D:6      | Killed Grinder
  3959 | D:6      | Reached skill level 9 in Unarmed Combat
  4268 | D:6      | Noticed Prince Ribbit
  4276 | D:6      | Killed Prince Ribbit
  4624 | Temple   | Entered the Ecumenical Temple
  4856 | Temple   | Became a worshipper of Cheibriados the Contemplative
  4856 | Temple   | Reached * piety under Cheibriados
  4856 | Temple   | Reached ** piety under Cheibriados
  5006 | D:7      | Found a white marble altar of Elyvilon.
  5018 | D:7      | Noticed Duvessa
  5018 | D:7      | Noticed Dowan
  5024 | D:7      | Killed Duvessa
  5027 | D:7      | Killed Dowan
  5080 | D:7      | Found a flagged portal.
  5123 | D:7      | Noticed a cyclops
  5133 | D:7      | Hit by a large rock thrown by a cyclops

Illustrated notes

Levels and vault maps discovered:
D:1:      dpeg_arrival_brainrot, layout_basic, chequers_ecumenical_altar_simple,
          hangedman_decor_slide_cut
D:2:      layout_basic, kennysheep_pointless_box
D:3:      layout_rooms, bloody_makhleb, serial_shops, nicolae_shop_stone,
          minivault_24
D:4:      layout_basic, nicolae_ru_awakened_eye, gup_sewer_entry_glass
D:5:      layout_basic, beargit_hepliaklqana_dungeon_heroes, minivault_23,
          st_stairs_6
D:6:      layout_basic, minmay_temple_entry_enclosed_plants, serial_shops,
          shop_statue, st_stairs_11, uniq_grinder, uniq_prince_ribbit1,
          uniq_blork_the_orc
D:7:      layout_rooms, elyvilon_altar_3, enter_bailey_2, uniq_duvessa
Temple:   compressed_dpeg_triangle_lava_temple

Skill      XL: |  1  2  3  4  5  6  7  8  9 |
---------------+----------------------------+-----
Fighting       | 3 4 5 6 7 8 |  8.0
Unarmed Combat | 4 5 6 7 8 9 |  9.6
Shields        | 2 4 |  4.7
Dodging        | |  2.4
Stealth        | |  1.0

Action                   |  1- 3 |  4- 6 |  7- 9 || total
-------------------------+-------+-------+-------++-------
Melee: Unarmed           |    89 |    93 |   172 ||   354
       Punch             |     2 |     2 |    12 ||    16
Throw: Dart              |       |     3 |       ||     3
Evoke: Wand              |       |       |     4 ||     4
  Use: Scroll            |     5 |     2 |     1 ||     8
 Stab: Sleeping          |     3 |     3 |     1 ||     7
       Invisible         |       |       |     2 ||     2
Armor: Robe              |    22 |    24 |    48 ||    94
Dodge: Dodged            |    39 |    45 |    76 ||   160
